| TOP OF THE 1ST |
|
Boston (APP) Red Sox batting - Pitching for Seattle (APP) Mariners : LHP Tristan Martin
|
|
Pitching: LHP Tristan Martin
|
|
|
Batting: RHB Kirk Cully
|
0-0: Ball 1-0: SINGLE (Line Drive, 89S, EV 97.5 MPH)
|
|
Batting: RHB Bob Reichley
|
0-0: SINGLE (Line Drive, 9S, EV 112.5 MPH) Kirk Cully to second
|
|
Batting: RHB Felix Rangel
|
0-0: Grounds into double play, 6-4-3 (Groundball, 6S, EV 78.8 MPH) Kirk Cully to third
|
|
Batting: SHB Matsudaira Ikeda
|
0-0: Ball 1-0: Ball 2-0: Called Strike 2-1: Ground out 6-3 (Groundball, 6S, EV 89.4 MPH)
|
| Top of the 1st over - 0 runs, 2 hits, 0 errors, 1 left on base; Boston (APP) 0 - Seattle (APP) 0 |
| BOTTOM OF THE 1ST |
|
Seattle (APP) Mariners batting - Pitching for Boston (APP) Red Sox : RHP Jim Horwood
|
|
Pitching: RHP Jim Horwood
|
|
|
Batting: RHB Joaquin Salazar
|
0-0: Ball 1-0: Fly out, F8 (Flyball, 89D, EV 81.9 MPH)
|
|
Batting: RHB Eddie Luna
|
0-0: Swinging Strike 0-1: Ball 1-1: Ball 2-1: Foul Ball, location: 2F 2-2: Foul Ball, location: 2F 2-2: Ball 3-2: Foul Ball, location: 2F 3-2: SINGLE (Groundball, 34D, EV 99.4 MPH)
|
|
Batting: LHB William Gonzales
|
0-0: Ball 1-0: Ball 2-0: Foul Ball, location: 2F 2-1: Foul Ball, location: 2F 2-2: Ball 3-2: 2-RUN HOME RUN (Flyball, 7D, EV 99.4 MPH), Distance : 381 ft
|
|
Batting: RHB Rich Griffith
|
0-0: Called Strike 0-1: Swinging Strike 0-2: Strikes out swinging
|
|
Batting: SHB Frank Amato
|
0-0: Called Strike 0-1: Ball 1-1: Foul Ball, location: 2F 1-2: Ground out 4-3 (Groundball, 34, EV 86.2 MPH)
|
| Bottom of the 1st over - 2 runs, 2 hits, 0 errors, 0 left on base; Boston (APP) 0 - Seattle (APP) 2 |
| TOP OF THE 2ND |
|
Boston (APP) Red Sox batting - Pitching for Seattle (APP) Mariners : LHP Tristan Martin
|
|
Batting: RHB Eric Kent
|
0-0: Ball 1-0: Ball 2-0: Ball 3-0: Ground out 6-3 (Groundball, 6, EV 89.4 MPH)
|
|
Batting: RHB Ryan Davis
|
0-0: Called Strike 0-1: Ball 1-1: Ball 2-1: Swinging Strike 2-2: Ball 3-2: Foul Ball, location: 2F 3-2: Strikes out swinging
|
|
Batting: RHB Wayne Whimster
|
0-0: Fly out, F3 (Popup, 3, EV 64.4 MPH)
|
| Top of the 2nd over - 0 runs, 0 hits, 0 errors, 0 left on base; Boston (APP) 0 - Seattle (APP) 2 |
| BOTTOM OF THE 2ND |
|
Seattle (APP) Mariners batting - Pitching for Boston (APP) Red Sox : RHP Jim Horwood
|
|
Batting: RHB Steve Carmichael
|
0-0: Called Strike 0-1: Foul Ball, location: 2F 0-2: SINGLE (Groundball, 34D, EV 111.9 MPH)
|
|
Batting: LHB Prince Nunley
|
0-0: Ball 1-0: Ball Steve Carmichael is caught stealing 2nd base 2-6 2-0: Reached on error, E4 (Groundball, 4, EV 81.9 MPH)
|
|
Batting: RHB Ziven Badersky
|
0-0: Foul Ball, location: 2F 0-1: Ball 1-1: Called Strike 1-2: Fly out, F9 (Flyball, 89M, EV 83.8 MPH)
|
|
Batting: RHB Tristan Martin
|
0-0: Called Strike 0-1: Swinging Strike 0-2: Ball 1-2: Strikes out looking
|
| Bottom of the 2nd over - 0 runs, 1 hit, 1 error, 1 left on base; Boston (APP) 0 - Seattle (APP) 2 |
| TOP OF THE 3RD |
|
Boston (APP) Red Sox batting - Pitching for Seattle (APP) Mariners : LHP Tristan Martin
|
|
Batting: RHB Estevan Carrillo
|
0-0: Foul Ball, location: 2F 0-1: Swinging Strike 0-2: Ball 1-2: Strikes out swinging
|
|
Batting: RHB Luis Nino
|
0-0: Ball 1-0: Called Strike 1-1: Foul Ball, location: 2F 1-2: Strikes out swinging
|
|
Batting: RHB Kirk Cully
|
0-0: Foul Ball, location: 2F 0-1: Fly out, F8 (Line Drive, 8RM, EV 96.9 MPH)
|
| Top of the 3rd over - 0 runs, 0 hits, 0 errors, 0 left on base; Boston (APP) 0 - Seattle (APP) 2 |
| BOTTOM OF THE 3RD |
|
Seattle (APP) Mariners batting - Pitching for Boston (APP) Red Sox : RHP Jim Horwood
|
|
Batting: RHB Joaquin Salazar
|
0-0: Ball 1-0: Called Strike 1-1: Ball 2-1: Ball 3-1: Swinging Strike 3-2: Strikes out looking
|
|
Batting: RHB Eddie Luna
|
0-0: Ball 1-0: Ground out 4-3 (Groundball, 4, EV 79.4 MPH)
|
|
Batting: LHB William Gonzales
|
0-0: Ball 1-0: Ball 2-0: Ball 3-0: Called Strike 3-1: SINGLE (Groundball, 6D, EV 98.8 MPH)
|
|
Batting: RHB Rich Griffith
|
0-0: Ball 1-0: Called Strike 1-1: Swinging Strike 1-2: Ball 2-2: Foul Ball, location: 2F 2-2: SINGLE (Line Drive, 8LS, EV 97.5 MPH) William Gonzales to second
|
|
Batting: SHB Frank Amato
|
0-0: Ball 1-0: Called Strike 1-1: Ball 2-1: Swinging Strike 2-2: Ball 3-2: Base on Balls William Gonzales to third Rich Griffith to second
|
|
Batting: RHB Steve Carmichael
|
0-0: Swinging Strike 0-1: Called Strike 0-2: SINGLE (Groundball, 6MD, EV 103.1 MPH) William Gonzales scores Rich Griffith to third Frank Amato to second Runner from 3rd tries for Home, throw by CF and OUT! 8-2
|
| Bottom of the 3rd over - 1 run, 3 hits, 0 errors, 2 left on base; Boston (APP) 0 - Seattle (APP) 3 |
| TOP OF THE 4TH |
|
Boston (APP) Red Sox batting - Pitching for Seattle (APP) Mariners : LHP Tristan Martin
|
|
Batting: RHB Bob Reichley
|
0-0: Ball 1-0: Foul Ball, location: 2F 1-1: Ball 2-1: Ground out 5-3 (Groundball, 56, EV 102.5 MPH)
|
|
Batting: RHB Felix Rangel
|
0-0: Called Strike 0-1: Ball 1-1: Ball 2-1: Ground out 6-3 (Groundball, 6, EV 109.4 MPH)
|
|
Batting: SHB Matsudaira Ikeda
|
0-0: Ball 1-0: Ball 2-0: Ball 3-0: Base on Balls
|
|
Batting: RHB Eric Kent
|
0-0: Called Strike 0-1: Called Strike 0-2: Strikes out swinging
|
| Top of the 4th over - 0 runs, 0 hits, 0 errors, 1 left on base; Boston (APP) 0 - Seattle (APP) 3 |
| BOTTOM OF THE 4TH |
|
Seattle (APP) Mariners batting - Pitching for Boston (APP) Red Sox : RHP Jim Horwood
|
|
Batting: LHB Prince Nunley
|
0-0: SINGLE (Groundball, 4MD, EV 103.8 MPH)
|
|
Batting: RHB Ziven Badersky
|
0-0: Grounds out, U3 (Groundball, 3L, EV 104.4 MPH)
|
|
Batting: RHB Tristan Martin
|
0-0: Called Strike 0-1: Ball 1-1: Swinging Strike 1-2: Foul Ball, location: 2F 1-2: Ball 2-2: Foul Ball, location: 2F 2-2: Strikes out swinging
|
|
Batting: RHB Joaquin Salazar
|
0-0: Ball 1-0: Foul Ball, location: 2F 1-1: Called Strike 1-2: Strikes out looking
|
| Bottom of the 4th over - 0 runs, 1 hit, 0 errors, 1 left on base; Boston (APP) 0 - Seattle (APP) 3 |
| TOP OF THE 5TH |
|
Boston (APP) Red Sox batting - Pitching for Seattle (APP) Mariners : LHP Tristan Martin
|
|
Batting: RHB Ryan Davis
|
0-0: Ball 1-0: Ball 2-0: Fly out, F8 (Flyball, 8LS, EV 93.8 MPH)
|
|
Batting: RHB Wayne Whimster
|
0-0: Ground out 6-3 (Groundball, 6, EV 80.6 MPH)
|
|
Batting: RHB Estevan Carrillo
|
0-0: Ball 1-0: Ground out 1-3 (Groundball, 15S, EV 61.2 MPH)
|
| Top of the 5th over - 0 runs, 0 hits, 0 errors, 0 left on base; Boston (APP) 0 - Seattle (APP) 3 |
| BOTTOM OF THE 5TH |
|
Seattle (APP) Mariners batting - Pitching for Boston (APP) Red Sox : RHP Jim Horwood
|
|
Batting: RHB Eddie Luna
|
0-0: Foul Ball, location: 2F 0-1: Ground out 6-3 (Groundball, 6, EV 98.1 MPH)
|
|
Pitching: RHP Robby Arce
|
|
|
Batting: LHB William Gonzales
|
0-0: Foul Ball, location: 2F 0-1: SOLO HOME RUN (Flyball, 78XD, EV 104.4 MPH), Distance : 400 ft
|
|
Batting: RHB Rich Griffith
|
0-0: Ground out 6-3 (Groundball, 6, EV 104.4 MPH)
|
|
Batting: SHB Frank Amato
|
0-0: Ball 1-0: Reached on error, E5 (Groundball, 56, EV 86.2 MPH)
|
|
Batting: RHB Steve Carmichael
|
0-0: Called Strike 0-1: Ball 1-1: Called Strike 1-2: Ball 2-2: Ball 3-2: Foul Ball, location: 2F 3-2: Base on Balls
|
|
Batting: LHB Prince Nunley
|
0-0: Ball 1-0: DOUBLE (Groundball, 5D, EV 101.2 MPH) Frank Amato scores Steve Carmichael to third Runner from 3rd tries for Home, throw by LF and OUT! 7-6-2
|
| Bottom of the 5th over - 2 runs, 2 hits, 1 error, 1 left on base; Boston (APP) 0 - Seattle (APP) 5 |
| TOP OF THE 6TH |
|
Boston (APP) Red Sox batting - Pitching for Seattle (APP) Mariners : LHP Tristan Martin
|
|
Batting: RHB Luis Nino
|
0-0: Ball 1-0: Foul Ball, location: 2F 1-1: Foul Ball, location: 2F 1-2: Ground out 4-3 (Groundball, P, EV 85.0 MPH)
|
|
Batting: RHB Kirk Cully
|
0-0: Called Strike 0-1: Swinging Strike 0-2: Fly out, F9 (Flyball, 9LSF, EV 87.5 MPH)
|
|
Batting: RHB Bob Reichley
|
0-0: DOUBLE (Line Drive, 9LM, EV 101.9 MPH)
|
|
Batting: RHB Felix Rangel
|
0-0: Foul Ball, location: 2F 0-1: Ball 1-1: Ground out 4-3 (Groundball, 4MD, EV 78.8 MPH)
|
| Top of the 6th over - 0 runs, 1 hit, 0 errors, 1 left on base; Boston (APP) 0 - Seattle (APP) 5 |
| BOTTOM OF THE 6TH |
|
Seattle (APP) Mariners batting - Pitching for Boston (APP) Red Sox : RHP Robby Arce
|
|
Batting: RHB Ziven Badersky
|
0-0: Ball 1-0: Foul Ball, location: 2F 1-1: Foul Ball, location: 2F 1-2: Ball 2-2: Strikes out swinging
|
|
Batting: RHB Tristan Martin
|
0-0: Ball 1-0: Ball 2-0: Called Strike 2-1: Swinging Strike 2-2: Strikes out swinging
|
|
Batting: RHB Joaquin Salazar
|
0-0: Fly out, F7 (Flyball, 7S, EV 73.1 MPH)
|
| Bottom of the 6th over - 0 runs, 0 hits, 0 errors, 0 left on base; Boston (APP) 0 - Seattle (APP) 5 |
| TOP OF THE 7TH |
|
Boston (APP) Red Sox batting - Pitching for Seattle (APP) Mariners : LHP Tristan Martin
|
|
Batting: SHB Matsudaira Ikeda
|
0-0: Ball 1-0: Ball 2-0: Ball 3-0: Base on Balls
|
|
Batting: RHB Eric Kent
|
0-0: Ball 1-0: Foul Ball, location: 2F 1-1: Ball 2-1: Called Strike 2-2: Ball 3-2: Foul Ball, location: 2F 3-2: Base on Balls Matsudaira Ikeda to second
|
|
Batting: RHB Ryan Davis
|
0-0: DOUBLE (Flyball, 8LXD, EV 96.9 MPH) Matsudaira Ikeda scores Eric Kent to third
|
|
Pitching: RHP Paul Cahill
|
|
|
Batting: RHB Wayne Whimster
|
0-0: Ball 1-0: Swinging Strike 1-1: Foul Ball, location: 2F 1-2: Ball 2-2: Strikes out swinging
|
|
Pinch Hitting: SHB Jose Santiago
|
0-0: Ball 1-0: Ball 2-0: Ball 3-0: Foul Ball, location: 2F 3-1: Called Strike 3-2: Ground out 5-3 (Groundball, 56, EV 103.1 MPH) Eric Kent scores
|
|
Batting: RHB Luis Nino
|
0-0: Called Strike 0-1: Ground out 3-1 (Groundball, 34, EV 86.2 MPH)
|
| Top of the 7th over - 2 runs, 1 hit, 0 errors, 1 left on base; Boston (APP) 2 - Seattle (APP) 5 |
| BOTTOM OF THE 7TH |
|
Seattle (APP) Mariners batting - Pitching for Boston (APP) Red Sox : RHP Robby Arce
|
|
Now at 1B: Vladmiri Nugaibekov
|
|
|
Batting: RHB Eddie Luna
|
0-0: Called Strike 0-1: Ball 1-1: Foul Ball, location: 2F 1-2: Foul Ball, location: 2F 1-2: Strikes out swinging
|
|
Batting: LHB William Gonzales
|
0-0: Called Strike 0-1: Foul Ball, location: 2F 0-2: Ball 1-2: Foul Ball, location: 2F 1-2: Foul Ball, location: 2F 1-2: Ball 2-2: Ball 3-2: Strikes out swinging
|
|
Batting: RHB Rich Griffith
|
0-0: Ball 1-0: Foul Ball, location: 2F 1-1: Fly out, F9 (Flyball, 9S, EV 84.4 MPH)
|
| Bottom of the 7th over - 0 runs, 0 hits, 0 errors, 0 left on base; Boston (APP) 2 - Seattle (APP) 5 |
| TOP OF THE 8TH |
|
Boston (APP) Red Sox batting - Pitching for Seattle (APP) Mariners : RHP Paul Cahill
|
|
Batting: RHB Kirk Cully
|
0-0: Ball 1-0: Ground out 4-3 (Groundball, 4, EV 80.6 MPH)
|
|
Batting: RHB Bob Reichley
|
0-0: Foul Ball, location: 2F 0-1: Ball 1-1: Foul Ball, location: 2F 1-2: Strikes out looking
|
|
Batting: RHB Felix Rangel
|
0-0: Ball 1-0: Ball 2-0: Swinging Strike 2-1: Called Strike 2-2: Ball 3-2: Fly out, F9 (Flyball, 9, EV 86.2 MPH)
|
| Top of the 8th over - 0 runs, 0 hits, 0 errors, 0 left on base; Boston (APP) 2 - Seattle (APP) 5 |
| BOTTOM OF THE 8TH |
|
Seattle (APP) Mariners batting - Pitching for Boston (APP) Red Sox : RHP Robby Arce
|
|
Batting: SHB Frank Amato
|
0-0: Ball 1-0: Foul Ball, location: 2F 1-1: Ball 2-1: Ball 3-1: Base on Balls
|
|
Batting: RHB Steve Carmichael
|
0-0: Bunt missed! 0-1: Sac Bunt to 23 - play at first, batter OUT! 3-4 Frank Amato to second
|
|
Pitching: RHP Randy Williams
|
|
|
Batting: LHB Prince Nunley
|
0-0: Ball 1-0: Ball 2-0: Foul Ball, location: 2F 2-1: SINGLE (Line Drive, 6M, EV 95.6 MPH) Frank Amato to third
|
|
Batting: RHB Ziven Badersky
|
0-0: Called Strike 0-1: Called Strike 0-2: Ball 1-2: Ball 2-2: Strikes out looking
|
|
Pinch Hitting: LHB Garrett Dodge
|
0-0: Called Strike 0-1: Foul Ball, location: 2F 0-2: Strikes out swinging
|
| Bottom of the 8th over - 0 runs, 1 hit, 0 errors, 2 left on base; Boston (APP) 2 - Seattle (APP) 5 |
| TOP OF THE 9TH |
|
Boston (APP) Red Sox batting - Pitching for Seattle (APP) Mariners : RHP Paul Cahill
|
|
Pitching: RHP Ross Hallock
|
|
|
Batting: SHB Matsudaira Ikeda
|
0-0: Reached on error, E5 (Groundball, 56S, EV 69.4 MPH)
|
|
Batting: RHB Eric Kent
|
0-0: Called Strike 0-1: 2-RUN HOME RUN (Flyball, 9D, EV 98.8 MPH), Distance : 359 ft
|
|
Batting: SHB Arihito Hiramoto
|
0-0: Ball 1-0: Foul Ball, location: 2F 1-1: Ball 2-1: Ball 3-1: Called Strike 3-2: Ground out 4-3 (Groundball, 34S, EV 83.8 MPH)
|
|
Batting: RHB Wayne Whimster
|
0-0: Fly out, F7 (Flyball, 7D, EV 88.8 MPH)
|
|
Batting: RHB Vladmiri Nugaibekov
|
0-0: Ground out U3 (Groundball, 3L, EV 105.6 MPH)
|
| Top of the 9th over - 2 runs, 1 hit, 1 error, 0 left on base; Boston (APP) 4 - Seattle (APP) 5 |
|